AoeStats
← edgardo_169

Coastal Forest

510440244Analyzed
2v2 RM · 2d ago on Oct 1, 2026· 48m 37s· 4 players
Game mode
Random Map
Map size
Medium (4 player)
Population
200
Speed
Normal
Resources
Standard
Victory
Conquest
Starting age
Dark Age
Ending age
Imperial Age
RankedLock teamsTeams togetherTeam positionsShared explorationLock speedFull tech treeHidden civsTurbo modeCheats
Victory
Defeat
🇺🇸 Huns · United States
917
+15
🇺🇸 Vikings · United States
773
+19
🇲🇽 Turks · Mexico
863
-17
🇺🇸 Khmer · United States
801
-14
UncleMike2244
0:39 Loom
10:37 Feudal Age
11:02 Horse Collar
11:53 Double-Bit Axe
21:15 Castle Age
22:45 Arson
23:23 Forging
23:17 Scale Mail Armor
29:03 Squires
39:01 Imperial Age
37:34 Chain Mail Armor
39:20 Capped Ram
39:35 Elite Varangian Guard
41:37 Bow Saw
41:23 Gold Mining
43:16 Siege Ram
44:41 Iron Casting
45:47 Plate Mail Armor
46:21 Two-Man Saw
46:05 Gold Shaft Mining
47:17 Treadmill Crane
rocknrollperson3
9:48 Feudal Age
10:18 Double-Bit Axe
15:37 Fletching
17:19 Padded Archer Armor
22:43 Castle Age
21:37 Scale Barding Armor
27:25 Elite Skirmisher
28:42 Pikeman
29:22 Squires
30:44 Scale Mail Armor
30:54 Forging
36:49 Bow Saw
37:06 Chain Mail Armor
36:48 Bodkin Arrow
48:19 Imperial Age
edgardo_169
11:35 Feudal Age
13:02 Double-Bit Axe
16:29 Loom
18:58 Castle Age
33:34 Horse Collar
34:36 Wheelbarrow
37:48 Heavy Plow
43:19 Imperial Age
43:03 Hand Cart
43:07 Bow Saw
46:49 Fletching
48:54 Bodkin Arrow
Leeeroy__Jenkins
5:47 Loom
12:28 Feudal Age
13:02 Double-Bit Axe
18:38 Castle Age
16:59 Stone Mining
19:02 Bloodlines
19:36 Bow Saw
20:36 Gold Mining
21:59 Gold Shaft Mining
24:21 Husbandry
26:39 Stone Shaft Mining
30:25 Scale Barding Armor
30:19 Murder Holes
35:46 Imperial Age
33:55 Wheelbarrow
33:06 Town Watch
38:06 Double Crossbow
42:59 Light Cavalry
44:03 Hussar
45:34 Ballistics
Connection lost

Rejoining the realm…

Still unreachable

The connection could not be restored.

Session expired

The server has moved on; the page needs a fresh start.